cohdb
Replays
Latest Replays
All Replays
Popular Replays
Top Player Replays
Match Explorer
How It Works
Community
CoH3 Stats
Reddit
Sign in to upload your games and track your stats! →
Sign in with Steam
Match 45513824
Unlisted
Match 45513824
Overview
Messages
Build Orders
End
Selects Air and Sea Battlegroup
Royal Engineer Section
Construct Section Command Post
Infantry Section
Infantry Section
ML 3-inch Mortar Team
Grenade Package
Selects Supply Surplus
Construct Platoon Command Post
6-pounder Anti-tank Gun Team
Unlock M3 Stuart Light Tanks
M3 Stuart Light Tank
Construct Field Infirmary
Royal Engineer Section
Selects Commando Section Paradrop
Partizanski
Polka_Pete
Six Pounder
Rambo Bine
0
0
Comments
sign in to comment!
No comments posted yet!